 Dungeon Crawl Stone Soup version 0.22-a0-246-gdc04c06 (webtiles) character file.

27140 Amnesiac the Prestidigitator (level 13, 40/84 HPs)
             Began as a Kobold Artificer on Feb 22, 2018.
             Was an Initiate of Gozag.
             Starved to death
             ... on level 1 of the Lair of Beasts.
             The game lasted 00:52:29 (20502 turns).

Amnesiac the Prestidigitator (Kobold Artificer)    Turns: 20502, Time: 00:52:30

Health: 40/84      AC: 37    Str: 13    XL:     13   Next: 63%
Magic:  22/22      EV: 13    Int: 13    God:    Gozag
Gold:   402        SH:  4    Dex: 16    Spells: 12/12 levels left

rFire    . . .     SeeInvis .   F - +0 dagger (elec)
rCold    + . .     Gourm    .   g - +0 buckler
rNeg     + . .     Faith    .   f - +27 Lear's hauberk
rPois    .         Spirit   .   (helmet currently unavailable)
rElec    .         Reflect  .   (no cloak)
rCorr    .         Harm     .   (gloves currently unavailable)
MR       .....                  (boots currently unavailable)
Stlth    +.........             (no amulet)
HPRegen  0.24/turn              C - ring of protection from cold
MPRegen  0.18/turn              A - ring of positive energy

@: gold aura, fainting
A: small, carnivore
a: Potion Petition, Call Merchant, Bribe Branch, Renounce Religion


You were on level 1 of the Lair of Beasts.
You worshipped Gozag.
Gozag was aware of your devotion.
You were fainting.

You visited 4 branches of the dungeon, and saw 16 of its levels.
You also visited: Volcano.

You collected 4434 gold pieces.
You spent 3934 gold pieces at shops.
You paid 98 gold pieces to Gozag.

Inventory:

Hand Weapons
 a - a +3 dagger of venom
 b - a +0 arbalest
 F - a +0 dagger of electrocution (weapon)
 G - a +2 hand axe of flaming
Missiles
 j - 196 bolts
 y - 4 throwing nets (quivered)
Armour
 f - the +27 Lear's hauberk (worn)
   (You bought it in a shop on level 2 of the Orcish Mines)
 g - a +0 buckler (worn)
Jewellery
 w - an uncursed ring of teleportation
 A - a ring of positive energy (right hand)
 C - a ring of protection from cold (left hand)
Wands
 c - a wand of flame (41)
 e - a wand of digging (10)
 i - a wand of disintegration (7)
Scrolls
 n - 2 scrolls of immolation {!r}
 o - a scroll of remove curse {!r}
 s - 2 scrolls of enchant weapon {!r}
 u - 2 scrolls of enchant armour {!r}
 v - 2 scrolls of blinking {!r}
 D - 3 scrolls of amnesia {!r}
Potions
 h - a potion of flight {!q}
 k - 6 potions of resistance {!q}
 m - 2 potions of heal wounds {!q}
 q - 6 potions of brilliance {!q}
 r - a potion of magic {!q}
 x - 3 potions of curing {!q}
Miscellaneous
 d - a phial of floods (inert)


   Skills:
 - Level 11.1 Fighting
 - Level 10.0 Short Blades
 + Level 7.7 Armour
 - Level 12.2 Dodging
 - Level 10.0 Stealth
 - Level 12.3 Evocations


You had 12 spell levels left.
You didn't know any spells.

Dungeon Overview and Level Annotations

Branches:
Dungeon (11/15)            Temple (1/1) D:4            Lair (2/6) D:9
  Snake (0/4) Lair:2          Orc (2/2) D:11            Elf (0/3) Orc:2
  Swamp: Lair:2-4    Shoals: Lair:2-4

Altars:
Ashenzari
Cheibriados
Dithmenos
Elyvilon
Gozag
Hepliaklqana
Kikubaaqudgha
Makhleb
Nemelex Xobeh
Okawaru
Qazlal
Ru
Sif Muna
Trog
Uskayaw
Wu Jian
Xom
Yredelemnul
Zin
The Shining One
Beogh

Shops:
Orc:2 =*![

Annotations:
D:3 xccam's ghost, amateur DsGl


Innate Abilities, Weirdness & Mutations

You are small and have problems with some larger weapons.
You are carnivorous and can eat meat at any time.


Message History

You hit the water moccasin but do no damage.
The water moccasin is lightly wounded.
The water moccasin closely misses you.
You completely miss the water moccasin.
The water moccasin is lightly wounded.
The water moccasin misses you.
Your Lear's hauberk prevents you from hitting the water moccasin.
The water moccasin is lightly wounded.
The water moccasin completely misses you.
You miss the water moccasin.
The water moccasin is lightly wounded.
You hit the water moccasin but do no damage.
The water moccasin is lightly wounded.
The water moccasin bites you but does no damage.
You closely miss the water moccasin.
The water moccasin is lightly wounded.
You feel sick.
The water moccasin bites you but does no damage.
You hit the water moccasin.
Lightning courses through the water moccasin!
The water moccasin is severely wounded.
The water moccasin bites you but does no damage.
You hit the water moccasin but do no damage.
The water moccasin is severely wounded.
You hit the water moccasin but do no damage.
Lightning courses through the water moccasin!
You kill the water moccasin!
You swing at nothing.
You hit the hippogriff.
The hippogriff is lightly wounded.
You hit the hippogriff but do no damage.
The hippogriff is lightly wounded.
The hippogriff bites you but does no damage.
The hippogriff pecks you but does no damage.
The hippogriff claws you but does no damage.
You hit the hippogriff.
Lightning courses through the hippogriff!
The hippogriff is moderately wounded.
Your Lear's hauberk prevents you from hitting the hippogriff.
The hippogriff is moderately wounded.
You feel sick.
You are no longer poisoned.
The hippogriff closely misses you.
The hippogriff pecks you but does no damage.
The hippogriff claws you but does no damage.
You completely miss the hippogriff.
The hippogriff is moderately wounded.
You hit the hippogriff but do no damage.
The hippogriff is moderately wounded.
The hippogriff bites you but does no damage.
The hippogriff closely misses you. x2
You hit the hippogriff but do no damage.
The hippogriff is moderately wounded.
Your shield and Lear's hauberk prevent you from hitting the hippogriff.
The hippogriff is moderately wounded.
The hippogriff bites you but does no damage.
The hippogriff pecks you but does no damage.
The hippogriff claws you but does no damage.
You hit the hippogriff but do no damage.
Lightning courses through the hippogriff!
The hippogriff is severely wounded.
You have starved to death.
You die...
Your body crumbles into a pile of gold.

##........... ##.#........
### ######....# ##.##
#P######...#.# ##...##
....##..#### # #.....###
........## ##..>..?.##
..........###
#.........###............###
#[........H@...............#
#P........###..............##
#.........##..............##
#........## #............##
#........# ##...........##
##......## #...........#.#
#.....## #..........####
#....# #........###
#....####.......##


You could see a hippogriff.

Vanquished Creatures
  Gastronok (D:8)
  Harold (D:11)
  2 two-headed ogres
  5 orc high priests
  The ghost of Torious the Destroyer, a journeyman DECj of Sif Muna (D:11)
  A sixfirhy (D:8)
  2 unseen horrors (D:10)
  An orc knight (Orc:1)
  3 orc sorcerers
  2 cyclopes
  An ugly thing (D:11)
  A centaur zombie (D:11)
  A centaur skeleton (D:11)
  A spiny frog (Lair:1)
  A kobold demonologist (D:11)
  A komodo dragon (Lair:2)
  3 trolls
  Prince Ribbit (D:9)
  Grinder (D:6)
  5 blink frogs (Lair:1)
  2 hippogriffs
  19 yaks
  A vampire (D:11)
  3 wyverns (D:10)
  A fire bat (Volcano)
  A hungry ghost (D:8)
  Edmund (D:4)
  Menkaure (D:7)
  A hell hound (Volcano)
  A warg (Orc:1)
  3 water moccasins
  2 porcupines
  17 orc warriors
  A swamp drake (D:11)
  2 ice beasts
  5 sky beasts
  3 phantoms
  A black bear (D:8)
  2 centaurs
  8 ogres
  A crocodile (D:9)
  A big kobold (D:11)
  7 bullfrogs
  23 orc wizards
  A wyvern zombie (D:10)
  6 scorpions
  8 wights
  3 electric eels (D:3)
  5 crimson imps
  5 howler monkeys
  2 jellies
  6 hounds
  27 orc priests
  2 bullfrog skeletons
  Natasha (thrice) (D:3)
  8 worker ants
  2 killer bee zombies
  A hound zombie (D:10)
  A howler monkey zombie (D:8)
  A worker ant zombie (D:9)
  16 adders
  4 oozes
  An adder zombie (D:5)
  2 worms (D:3)
  3 dart slugs
  4 leopard geckos
  79 orcs
  6 bats
  4 giant cockroaches
  12 goblins
  6 hobgoblins
  10 jackals
  7 quokkas
  2 ball pythons
  7 frilled lizards
  10 kobolds
  A leopard gecko zombie (D:7)
  2 quokka skeletons
  10 rats
  A fungus (D:1)
410 creatures vanquished.

Vanquished Creatures (collateral kills)
  A two-headed ogre (Volcano)
  A gargoyle (Volcano)
  A komodo dragon (Lair:2)
  A troll (Orc:1)
  A hell hound (Volcano)
  An orc warrior (Orc:1)
  2 orc priests
  A hound skeleton (D:4)
  7 orcs
  A bat (D:3)
17 creatures vanquished.

Vanquished Creatures (others)
  A two-headed ogre (Volcano)
  A troll (Orc:1)
  An orc warrior (Orc:1)
  An ogre (D:8)
  A centaur (Volcano)
  An orc (Orc:1)
  A kobold (D:11)
  10 fungi
17 creatures vanquished.

Grand Total: 444 creatures vanquished

Notes
Turn   | Place    | Note
-------+----------+-------------------------------------------
     0 | D:1      | Amnesiac the Kobold Artificer began the quest for the Orb.
     0 | D:1      | Reached XP level 1. HP: 12/12 MP: 3/3
   282 | D:1      | Reached XP level 2. HP: 16/16 MP: 4/4
   748 | D:1      | Reached XP level 3. HP: 19/20 MP: 5/5
  1014 | D:2      | Noticed Natasha
  1104 | D:3      | Found a transporter.
  1308 | D:4      | Reached skill level 5 in Stealth
  1308 | D:4      | Reached XP level 4. HP: 25/25 MP: 6/6
  1339 | D:3      | Found a transporter.
  1363 | D:3      | Reached XP level 5. HP: 29/29 MP: 7/7
  1422 | D:3      | Reached XP level 6. HP: 34/34 MP: 8/8
  1534 | D:4      | Found a shadowy altar of Dithmenos.
  1996 | D:4      | Reached XP level 7. HP: 22/38 MP: 9/9
  2163 | D:4      | Found a staircase to the Ecumenical Temple.
  2168 | Temple   | Entered the Ecumenical Temple
  2392 | D:3      | Killed Natasha
  2496 | Temple   | Became a worshipper of Gozag Ym Sagoz the Greedy
  2563 | D:3      | Reached skill level 10 in Stealth
  4521 | D:3      | Found a bloodstained altar of Trog.
  4632 | D:3      | Found a white marble altar of Elyvilon.
  4818 | D:3      | Noticed xccam's ghost (amateur DsGl)
  5050 | D:3      | Noticed Natasha
  5059 | D:3      | Killed Natasha
  5139 | D:3      | Noticed Natasha
  5143 | D:3      | Killed Natasha
  5719 | D:3      | Reached skill level 5 in Short Blades
  6204 | D:4      | Noticed Edmund
  6224 | D:4      | Reached XP level 8. HP: 25/43 MP: 10/10
  6228 | D:4      | Killed Edmund
  6280 | D:4      | Found a snail-covered altar of Cheibriados.
  6402 | D:5      | Entered Level 5 of the Dungeon
  7256 | D:6      | Reached XP level 9. HP: 40/47 MP: 11/11
  7332 | D:6      | Found a burning altar of Makhleb.
  7367 | D:6      | Noticed Grinder
  7389 | D:6      | Killed Grinder
  7389 | D:6      | Reached skill level 5 in Evocations
  7453 | D:6      | Found a glowing silver altar of Zin.
  7928 | D:7      | Reached skill level 10 in Short Blades
  8703 | D:7      | Found a sacrificial altar of Ru.
  8754 | D:7      | Noticed Menkaure
  8825 | D:7      | Killed Menkaure
  8825 | D:7      | Reached skill level 5 in Fighting
  8926 | D:7      | Reached skill level 5 in Dodging
  8961 | D:7      | HP: 2/54 [poisoned by an orc warrior]
  8969 | D:7      | HP: 2/54 [poisoned by an orc warrior]
  9395 | D:8      | Identified a paperback manual
  9479 | D:8      | Noticed a cyclops
  9626 | D:8      | Reached XP level 10. HP: 59/59 MP: 14/14
  9682 | D:8      | Noticed Gastronok
 10211 | D:8      | Killed Gastronok
 10351 | D:8      | Found a runed door.
 10351 | D:8      | Noticed a sixfirhy
 10363 | D:8      | Killed a sixfirhy
 10732 | D:8      | Killed a cyclops
 10732 | D:8      | Reached XP level 11. HP: 56/68 MP: 17/17
 11205 | D:9      | Noticed a two-headed ogre
 11266 | D:8      | Killed a two-headed ogre
 11397 | D:9      | Noticed Prince Ribbit
 11419 | D:9      | Killed Prince Ribbit
 11806 | D:9      | Found a stormy altar of Qazlal.
 11806 | D:9      | Found a basalt altar of Yredelemnul.
 12212 | D:9      | Found a staircase to the Lair.
 12391 | D:10     | Entered Level 10 of the Dungeon
 12523 | D:10     | Killed an unseen horror
 12523 | D:10     | Reached skill level 10 in Dodging
 12523 | D:10     | Reached skill level 10 in Evocations
 13070 | D:10     | Killed an unseen horror
 13481 | D:11     | Noticed a cyan ugly thing
 13488 | D:11     | Killed a cyan ugly thing
 13542 | D:11     | Noticed Torious's ghost (journeyman DECj)
 13556 | D:11     | Reached XP level 12. HP: 39/77 MP: 20/20
 13752 | D:11     | Killed Torious's ghost
 13836 | D:11     | Reached skill level 10 in Fighting
 14027 | D:11     | Noticed Harold
 14035 | D:11     | Killed Harold
 15113 | D:11     | Found a staircase to the Orcish Mines.
 15367 | Orc:1    | Entered Level 1 of the Orcish Mines
 15739 | Orc:1    | Found a dark tunnel.
 15745 | Volcano  | Entered a volcano
 15940 | Volcano  | Noticed a two-headed ogre
 15956 | Volcano  | Noticed a two-headed ogre
 15963 | Volcano  | Killed a two-headed ogre
 15981 | Volcano  | Killed a two-headed ogre
 16511 | Orc:1    | Noticed an orc high priest
 16530 | Orc:1    | Killed an orc high priest
 16530 | Orc:1    | Reached skill level 1 in Armour
 16542 | Orc:1    | Reached XP level 13. HP: 30/84 MP: 22/22
 16865 | Orc:2    | Entered Level 2 of the Orcish Mines
 17011 | Orc:2    | Found a staircase to the Elven Halls.
 17306 | Orc:2    | Found a roughly hewn altar of Beogh.
 18140 | Orc:2    | Reached skill level 5 in Armour
 19057 | Orc:2    | Found Enlontyph's Antique Armour Emporium.
 19057 | Orc:2    | Found Ziemno's Assorted Antiques.
 19058 | Orc:2    | Found Ykellus's Jewellery Shoppe.
 19063 | Orc:2    | Found Oblis's Distillery.
 19701 | Orc:2    | Bought a scroll labeled TUOR POTUCW for 31 gold pieces
 19712 | Orc:2    | Bought the +27 Lear's hauberk for 3903 gold pieces
 19712 | Orc:2    | Found the +27 Lear's hauberk
 19887 | Lair:1   | Entered Level 1 of the Lair of Beasts
 20450 | Lair:2   | Found a staircase to the Snake Pit.
 20502 | Lair:1   | Starved to death

Vault maps used:
D:1:      minmay_arrival_plants_in_alcoves, minivault_25,
          minmay_gold_behind_fungi
D:2:      first_ration, minmay_heptomino_l4, uniq_natasha
D:3:      gammafunk_steamed_eel, bloody_trog, old_standard_altar
D:4:      grunt_dithmenos_smoke_and_mirrors, nicolae_overflow_hidden_temple,
          temple_doors_e, uniq_edmund
D:5:      st_stairs_5
D:6:      kb_forest_paths, nicolae_overflow_crystal_walls,
          lightli_temple_of_fire, uniq_grinder
D:7:      lemuel_round_altar, abandoned_shop, uniq_menkaure
D:8:      cheibrodos_shockbox, uniq_gastronok
D:9:      gammafunk_temple_overflow_elements, grunt_lair_entry_orc_guard_hut,
          uniq_prince_ribbit1
D:11:     erik_orc_1, uniq_harold
Temple:   cyrus_circular_temple
Lair:2:   guppyfry_snake_entry_garden, grunt_megastairs_5
Orc:1:    enter_volcano_4
Orc:2:    st_orc_mages, mines2_david
Volcano:  volcano_village

Skill      XL: |  1  2  3  4  5  6  7  8  9 10 11 12 13 |
---------------+----------------------------------------+-----
Stealth        | 2 3 5 6 8 9 10 | 10.0
Short Blades   | 5 9 10 | 10.0
Evocations     | 6 8 10 12 | 12.3
Fighting       | 5 7 9 11 | 11.1
Dodging        | 6 8 10 12 | 12.2
Armour         | 1 7 |  7.7

Action                   |  1- 3 |  4- 6 |  7- 9 | 10-12 | 13-15 || total
-------------------------+-------+-------+-------+-------+-------++-------
Melee: Short sword       |    78 |     1 |       |       |       ||    79
       Dagger            |       |     3 |   500 |   980 |   450 ||  1933
 Fire: Arbalest          |       |    18 |    29 |       |       ||    47
Evoke: Wand              |     8 |    19 |    22 |    44 |    43 ||   136
       Phial of floods   |       |       |       |       |     1 ||     1
  Use: Scroll            |       |       |    10 |     8 |     2 ||    20
       Potion            |       |       |       |     7 |     4 ||    11
 Stab: Sleeping          |    10 |     1 |    21 |    12 |     2 ||    46
       Distracted        |       |       |     5 |     9 |     5 ||    19
       Paralysed         |       |       |       |     6 |       ||     6
       Confused          |       |       |       |     2 |       ||     2
  Eat: Chunk             |     9 |     2 |     1 |       |       ||    12
       Ration            |       |       |     9 |    11 |     5 ||    25
Armor: Leather armour    |    28 |       |       |     2 |    32 ||    62
       Ring mail         |       |     4 |    94 |    75 |       ||   173
       Skin              |       |       |       |     1 |       ||     1
       Robe              |       |       |       |     5 |       ||     5
       Chain mail        |       |       |       |       |   116 ||   116
Dodge: Dodged            |    64 |    11 |   210 |   446 |   229 ||   960
Block: Buckler           |       |       |       |       |    22 ||    22

Table legend:
 A = Spawn XP
 B = Non-spawn XP
 C = Spawn XP percentage of total XP
 D = Spawn monster count
 E = Non-spawn monster count
 F = Spawn count percentage of total count
 G = Total turns spent on level
                    A         B        C        D         E        F      G
               +---------+---------+-------+---------+---------+-------+---------
         Total |       0 |   38772 |   0.0 |       0 |     426 |   0.0 | 20502
               +---------+---------+-------+---------+---------+-------+---------
           D:1 |       0 |      49 |   0.0 |       0 |      28 |   0.0 |  1991
           D:2 |       0 |      53 |   0.0 |       0 |      17 |   0.0 |  1224
           D:3 |       0 |     561 |   0.0 |       0 |      45 |   0.0 |  1520
           D:4 |       0 |     515 |   0.0 |       0 |      19 |   0.0 |  1614
           D:5 |       0 |     764 |   0.0 |       0 |      17 |   0.0 |   721
           D:6 |       0 |     737 |   0.0 |       0 |      11 |   0.0 |   764
           D:7 |       0 |     911 |   0.0 |       0 |      22 |   0.0 |  1508
           D:8 |       0 |    5689 |   0.0 |       0 |      28 |   0.0 |  1843
           D:9 |       0 |    2161 |   0.0 |       0 |      40 |   0.0 |  1175
          D:10 |       0 |    3400 |   0.0 |       0 |      16 |   0.0 |  1274
          D:11 |       0 |    7200 |   0.0 |       0 |      59 |   0.0 |  1845
        Lair:1 |       0 |    3014 |   0.0 |       0 |      13 |   0.0 |   427
        Lair:2 |       0 |    1033 |   0.0 |       0 |       5 |   0.0 |   188
         Orc:1 |       0 |    5511 |   0.0 |       0 |      45 |   0.0 |  1547
         Orc:2 |       0 |    6051 |   0.0 |       0 |      54 |   0.0 |  2137
       Volcano |       0 |    1123 |   0.0 |       0 |       7 |   0.0 |   671
               +---------+---------+-------+---------+---------+-------+---------
